 Dungeon Crawl Stone Soup version 0.18.1-48-g4cf74bf (webtiles) character file.

1996 Oakoak the Ducker (level 9, -4/84 HPs)
             Began as a Troll Earth Elementalist on June 24, 2016.
             Shot with a sling bullet by something (21 damage)
             ... on level 7 of the Dungeon.
             The game lasted 00:35:13 (7390 turns).

Oakoak the Ducker (Troll Earth Elementalist)        Turns: 7390, Time: 00:35:14

Health: -4/84      AC:  8    Str: 19    XL:     9   Next: 1%
Magic:  11/11      EV: 12    Int: 18    God:    Xom [...*..]
Gold:   374        SH:  0    Dex: 12    Spells: 3 memorised, 6 levels left

rFire  . . .     SeeInvis .     e - +3 quarterstaff (chaos)
rCold  . . .     Gourm    +     a - +0 robe
rNeg   . . .     Faith    .     (shield currently unavailable)
rPois  .         Spirit   .     (helmet restricted)
rElec  .         Dismiss  .     H - +2 cloak of a bazaar {Int+7}
rCorr  .         Reflect  .     (gloves unavailable)
SustAt .         Harm     .     (boots unavailable)
MR     .....     Clarity  +     (no amulet)
Stlth  +.........               (no ring)
                                (no ring)

@: not resistant to hostile enchantments, very unstealthy
A: unfitting armour, claws 3, hooves 1, clarity, fast metabolism 3, gourmand,
regeneration 2, shaggy fur 1, tough skin 2
a: Renounce Religion


You were on level 7 of the Dungeon.
You worshipped Xom.
You were a favourite toy of Xom.
You were not hungry.

You visited 1 branch of the dungeon, and saw 7 of its levels.
You also visited: Ossuary.

You collected 374 gold pieces.

Inventory:

Hand Weapons
 e - a +3 quarterstaff of chaos (weapon)
 w - a +0 hunting sling of flaming
Missiles
 b - 165 stones (quivered)
Armour
 a - a +0 robe (worn)
 i - a +0 ring mail
 y - a +0 robe
 H - the +2 cloak of a bazaar (worn) {Int+7}
   (Xom gifted it to you on level 5 of the Dungeon)

   It affects your intelligence (+7).
Jewellery
 s - a +3 amulet of reflection {unknown}
 K - a cursed -3 ring of intelligence {unknown}
Wands
 h - a wand of digging (13/24)
 u - a wand of lightning (9/15)
 v - a wand of flame (26/48)
Scrolls
 g - 5 scrolls of identify {unknown}
 j - a scroll of blinking {unknown}
 k - 3 scrolls of fog {unknown}
 p - 2 scrolls of enchant armour {unknown}
 q - 3 scrolls of immolation {unknown}
 r - a scroll of noise {unknown}
 x - a scroll of acquirement {unknown}
 z - a scroll of amnesia {unknown}
 A - 2 scrolls of enchant weapon {unknown}
 E - a scroll of remove curse {unknown}
 F - a scroll of torment {unknown}
 I - 2 scrolls of random uselessness {unknown}
 J - a scroll of fear {unknown}
Potions
 d - a potion of brilliance {unknown}
 f - a potion of magic
 l - a potion of flight {unknown}
 m - 4 potions of curing
 n - 4 potions of heal wounds {unknown}
 B - a potion of invisibility {unknown}
 C - a potion of ambrosia {unknown}
 D - 2 potions of berserk rage {unknown}
Books
 c - a book of Geomancy

   Spells                             Type                      Level
   a - Sandblast                      Earth                        1
   b - Passwall                       Transmutation/Earth          2
   c - Stone Arrow                    Conjuration/Earth            3
   d - Petrify                        Transmutation/Earth          4
   e - Lee's Rapid Deconstruction     Earth                        5
 o - a book of Burglary

   Spells                             Type                      Level
   a - Swiftness                      Charms/Air                   2
   b - Passwall                       Transmutation/Earth          2
   c - Passage of Golubria            Translocation                4
   d - Lee's Rapid Deconstruction     Earth                        5
   e - Darkness                       Hexes                        6
   f - Invisibility                   Hexes                        6
 t - a book of the Dragon

   Spells                             Type                      Level
   a - Flame Tongue                   Conjuration/Fire             1
   b - Cause Fear                     Hexes                        4
   c - Bolt of Fire                   Conjuration/Fire             6
   d - Dragon Form                    Transmutation                7
   e - Dragon's Call                  Summoning                    9
Comestibles
 G - a bread ration


   Skills:
 + Level 3.9 Fighting
 + Level 6.3 Dodging
 + Level 2.5 Stealth
 + Level 5.4 Unarmed Combat
 + Level 2.0 Spellcasting
 + Level 0.3 Conjurations
 + Level 0.9 Transmutations
 + Level 3.6 Earth Magic


You had 6 spell levels left.
You knew the following spells:

 Your Spells              Type           Power        Failure   Level  Hunger
a - Sandblast             Erth           ##....       4%          1    #......
b - Stone Arrow           Conj/Erth      #.....       24%         3    ###....
c - Passwall              Trmt/Erth      ##........   12%         2    ###....


Dungeon Overview and Level Annotations

Branches:
Dungeon (7/15)
 Temple: D:4-7

Altars:
Ashenzari
Cheibriados
Dithmenos
Fedhas
Makhleb
Ru
Trog
Vehumet
Xom
Yredelemnul
The Shining One

Annotations:
D:7 Joseph


Innate Abilities, Weirdness & Mutations

You are too large for most types of armour.
You have claws for hands.
Your metabolism is lightning-fast.
You like to eat raw meat.
You heal very quickly.
You are covered in fur (AC +1).
You have very tough skin (AC +2).
You have large cloven feet.
You possess an exceptional clarity of mind.


Message History

You open the door.
There is an open door here.
You start resting.
A sling bullet appears from out of thin air!
The sling bullet hits you.
* * * LOW HITPOINT WARNING * * *
A sling bullet appears from out of thin air!
The sling bullet hits you but does no damage.
You start resting.
A sling bullet appears from out of thin air!
The sling bullet hits you!
* * * LOW HITPOINT WARNING * * *
You start resting.
A sling bullet appears from out of thin air!
The sling bullet hits you.
* * * LOW HITPOINT WARNING * * *
You start resting.
A sling bullet appears from out of thin air!
The sling bullet hits you!!
You die...

#...# ##'##
#.##
###.#####
##.#
#........
#.##
##.......
##.#
#....#..
##.##
#...#.# #
##...#
#.....#.#.#
#....#
#....@....#
##..##
##..(##.###
##....#
#.(###.#
#....##
#.{....#
#...##
##.#####
#.### ##'##
#.# ##...##
# #.####
##.....##
###....#
##ยง......##


There were no monsters in sight!

Vanquished Creatures
  An orc warrior (D:6)
  An ice beast (D:5)
  4 ogres
  2 giant frogs (D:6)
  A scorpion (D:5)
  2 howler monkeys
  3 crimson imps
  2 hounds
  Crazy Yiuf (D:7)
  3 orc priests
  A giant frog skeleton (D:6)
  A jelly (D:6)
  Jessica (D:3)
  Terence (D:3)
  9 orc wizards
  2 worker ants (D:5)
  4 big kobold zombies (Ossuary)
  A hound skeleton (D:5)
  A mummy (Ossuary)
  A worker ant zombie (D:4)
  10 adders
  2 shadow imps
  2 oozes (D:3)
  An adder skeleton (D:5)
  3 worms
  A dart slug (shapeshifter) (D:5)
  A giant gecko (D:3)
  37 orcs
  A spectral bat (Ossuary)
  7 bats
  4 giant cockroaches
  4 goblins
  3 hobgoblins (D:2)
  12 jackals
  4 quokkas
  2 ball pythons
  A bat (shapeshifter) (D:3)
  A bat simulacrum (Ossuary)
  A giant gecko zombie (D:5)
  A giant newt (D:3)
  8 gnoll zombies (Ossuary)
  4 goblin simulacra (Ossuary)
  4 hobgoblin zombies (Ossuary)
  2 jackal skeletons
  8 kobolds
  3 kobold simulacra (Ossuary)
  4 kobold zombies (Ossuary)
  8 orc zombies (Ossuary)
  6 rats
  A rat simulacrum (Ossuary)
  4 spectral goblins (Ossuary)
  4 spectral kobolds (Ossuary)
  2 spectral rats (Ossuary)
198 creatures vanquished.

Vanquished Creatures (collateral kills)
  A hungry ghost (D:3)
  An ogre (D:4)
  A crimson imp (D:4)
  4 orcs
7 creatures vanquished.

Vanquished Creatures (others)
  3 orcs (D:4)
  A hobgoblin zombie (Ossuary)
  A kobold zombie (Ossuary)
  A fungus (D:5)
6 creatures vanquished.

Grand Total: 211 creatures vanquished

Notes
Turn   | Place    | Note
--------------------------------------------------------------
     0 | D:1      | Oakoak the Troll Earth Elementalist began the quest for the Orb.
     0 | D:1      | Reached XP level 1. HP: 16/16 MP: 1/1
   868 | D:2      | Reached XP level 2. HP: 24/24 MP: 3/3
  1100 | D:2      | Found a shimmering altar of Xom.
  1115 | D:2      | Became a worshipper of Xom of Chaos
  1174 | D:2      | Reached skill level 2 in Dodging
  1215 | D:2      | Reached XP level 3. HP: 31/32 MP: 0/4
  1321 | D:2      | Learned a level 3 spell: Stone Arrow
  1654 | D:3      | Found a shattered altar of Ashenzari.
  1734 | D:3      | XOM: polymorph orc -> jackal
  1798 | D:3      | XOM: confuse monster(s)
  1935 | D:3      | Noticed Terence
  1947 | D:3      | Killed Terence
  1947 | D:3      | Reached skill level 1 in Fighting
  1947 | D:3      | Reached XP level 4. HP: 20/41 MP: 1/5
  2273 | D:3      | Found a glowing golden altar of the Shining One.
  2296 | D:3      | Learned a level 2 spell: Passwall
  2324 | D:3      | XOM: potion effect (brilliance)
  2564 | D:3      | Noticed Jessica
  2569 | D:3      | XOM: enchant monster (good)
  2636 | D:3      | Killed Jessica
  2636 | D:3      | Reached skill level 3 in Dodging
  2636 | D:3      | Reached skill level 1 in Unarmed Combat
  2636 | D:3      | Reached XP level 5. HP: 38/48 MP: 6/6
  2702 | D:3      | XOM: polymorph something unseen -> adder
  2949 | D:4      | Noticed a hungry ghost
  2974 | D:3      | XOM: summons 5 friendly demons
  2981 | D:3      | Killed a hungry ghost
  3048 | D:4      | Found a sacrificial altar of Ru.
  3099 | D:4      | XOM: scenery: 1 doors close
  3104 | D:4      | XOM: destruction
  3120 | D:4      | XOM: swap monsters
  3160 | D:4      | Reached XP level 6. HP: 51/55 MP: 7/7
  3580 | D:4      | XOM: 3-stop teleportation journey
  3592 | D:4      | Found a shadowy altar of Dithmenos.
  3613 | D:4      | XOM: enchant monster (good)
  3683 | D:4      | Reached skill level 4 in Dodging
  4021 | D:4      | XOM: divination: detect items
  4244 | D:4      | XOM: confuse monster(s)
  4249 | D:4      | Reached XP level 7. HP: 63/63 MP: 1/8
  4267 | D:4      | XOM: noise
  4398 | D:4      | XOM: confuse monster(s)
  4422 | D:4      | XOM: swap monsters
  4436 | D:4      | XOM: severe Hex miscast
  4448 | D:4      | XOM: scenery: create altars
  4483 | D:4      | XOM: scenery: create altars
  4639 | D:4      | XOM: scenery: create altars
  4724 | D:4      | XOM: god gift: 34 gold pieces
  4742 | D:4      | XOM: god gift: scroll labeled FERHOS KEUMAO
  4882 | D:5      | Entered Level 5 of the Dungeon
  5011 | D:5      | Found a sand-covered staircase.
  5040 | D:5      | Found a glowing drain.
  5064 | Ossuary  | Entered an ossuary
  5121 | Ossuary  | Reached skill level 5 in Dodging
  5215 | Ossuary  | XOM: god gift: cyan potion
  5364 | Ossuary  | Reached XP level 8. HP: 74/74 MP: 10/10
  5498 | D:5      | Noticed Edmund
  5499 | D:5      | XOM: silly message
  5532 | D:5      | XOM: fog
  5541 | D:5      | Edmund changed into Edmund the worker ant
  5541 | D:5      | XOM: polymorph Edmund -> Edmund the worker ant
  5545 | D:5      | XOM: swap monsters
  5548 | D:5      | Found a basalt altar of Yredelemnul.
  5548 | D:5      | XOM: polymorph something unseen -> howler monkey
  5701 | D:5      | XOM: god gift: dazzling cloak {god gift}
  5770 | D:5      | XOM: god gift: embroidered hat {god gift}
  5870 | D:5      | XOM: scenery: create altars
  5953 | D:5      | Found a radiant altar of Vehumet.
  5997 | D:5      | Found a bloodstained altar of Trog.
  6129 | D:5      | Found a blossoming altar of Fedhas.
  6210 | D:5      | Found a burning altar of Makhleb.
  6300 | D:5      | XOM: give mutations
  6300 | D:5      | Gained mutation: You possess an exceptional clarity of mind. [Xom's grace]
  6300 | D:5      | Gained mutation: You have large cloven feet. [Xom's grace]
  6310 | D:5      | XOM: god gift: scroll labeled RASHRO RESUC
  6358 | D:5      | Got a dazzling cloak {god gift}
  6364 | D:5      | Identified the +2 cloak of a bazaar {Int+7} (Xom gifted it to you on level 5 of the Dungeon)
  6716 | D:6      | Reached skill level 5 in Unarmed Combat
  6827 | D:6      | XOM: divination: magic mapping
  6837 | D:6      | Reached skill level 6 in Dodging
  6993 | D:6      | XOM: scenery: create altars
  7249 | D:7      | Found a snail-covered altar of Cheibriados.
  7280 | D:7      | Reached XP level 9. HP: 80/84 MP: 11/11
  7311 | D:7      | Noticed Crazy Yiuf
  7323 | D:7      | Killed Crazy Yiuf
  7359 | D:7      | Noticed Joseph
  7360 | D:7      | XOM: fog
  7390 | D:7      | Shot with a sling bullet by something

Skill      XL: |  1  2  3  4  5  6  7  8 |
---------------+-------------------------+-----
Earth Magic    | 3 |  3.6
Dodging        | 2 3 4 5 6 |  6.3
Fighting       | 1 2 3 |  3.9
Unarmed Combat | 1 2 3 5 |  5.4
Stealth        | 2 |  2.5
Spellcasting   | 2 |  2.0
Conjurations   | |  0.3
Transmutations | |  0.9

Action                   |  1- 3 |  4- 6 |  7- 9 || total
-------------------------+-------+-------+-------++-------
Melee: Unarmed           |   129 |   231 |   473 ||   833
       Punch             |     1 |     1 |     4 ||     6
       Kick              |       |       |    30 ||    30
       Quarterstaff      |       |       |     4 ||     4
Throw: Stone             |     6 |       |       ||     6
 Cast: Sandblast         |    14 |       |       ||    14
       Stone Arrow       |     1 |     2 |     2 ||     5
       Passwall          |       |     4 |       ||     4
  Use: Potion            |     4 |       |       ||     4
 Stab: Paralysed         |       |     1 |       ||     1
       Confused          |       |     1 |     1 ||     2
       Sleeping          |       |       |     2 ||     2
       Petrifying        |       |       |     1 ||     1
  Eat: Chunk             |    11 |    10 |     7 ||    28
       Bread ration      |     1 |     2 |     3 ||     6
       Meat ration       |       |     2 |     1 ||     3
       Fruit             |       |     1 |     6 ||     7
       Pizza             |       |     1 |       ||     1
       Beef jerky        |       |     1 |     1 ||     2
Armor: Robe              |    79 |    67 |   143 ||   289
       Skin              |     5 |       |       ||     5
Dodge: Dodged            |   111 |   129 |   261 ||   501
